 Dungeon Crawl Stone Soup version 0.22-a0-571-g4a923d4 (webtiles) character file.

374 yoda5477 the Firebug (level 6, -7/46 HPs)
             Began as a Draconian Fire Elementalist on July 1, 2018.
             Killed by divine providence
             ... invoked by an orc priest
              (17 damage)
             ... on level 5 of the Dungeon.
             The game lasted 00:34:12 (4186 turns).

yoda5477 the Firebug (Draconian Fire Elementalist)  Turns: 4186, Time: 00:34:12

Health: -7/46      AC:  6    Str: 10    XL:     6   Next: 43%
Magic:  8/11       EV: 12    Int: 18    God:
Gold:   217        SH:  0    Dex: 11    Spells: 5/11 levels left

rFire    . . .     SeeInvis .   e - +3 falchion (holy)
rCold    . . .     Gourm    .   (no shield)
rNeg     . . .     Faith    .   (armour unavailable)
rPois    .         Spirit   .   (helmet restricted)
rElec    .         Reflect  .   (no cloak)
rCorr    .         Harm     .   (no gloves)
MR       .....                  (no boots)
Stlth    ++........             (no amulet)
HPRegen  0.15/turn              (no ring)
MPRegen  0.12/turn              (no ring)

@: no status effects
A: unfitting armour, cold-blooded, AC +6
a: no special abilities


You were on level 5 of the Dungeon.
You were not hungry.

You visited 1 branch of the dungeon, and saw 5 of its levels.

You collected 217 gold pieces.

Inventory:

Hand Weapons
 d - a +1 hand axe of flaming
 e - a +3 falchion of holy wrath (weapon)
 f - a +0 mace
 g - a +0 spear
 i - a +0 short sword
 m - a cursed +0 war axe
 v - a +2 hand axe of chopping
 x - a +2 flail of crushing
 E - a +0 rapier
Missiles
 l - 64 stones (quivered)
 q - 35 arrows
 w - 4 tomahawks
 y - 23 poisoned needles
Armour
 o - a cursed +0 leather armour
 C - a +2 chain mail of cold resistance
Jewellery
 s - an uncursed ring of flight {unknown}
Scrolls
 a - a scroll of teleportation {unknown}
 c - 2 scrolls of blinking {unknown}
 j - 2 scrolls of enchant weapon {unknown}
 k - 6 scrolls of identify {unknown}
 p - 2 scrolls of enchant armour {unknown}
 A - 2 scrolls of immolation {unknown}
 F - a scroll of fear {unknown}
Potions
 h - a potion of might {unknown}
 n - a potion of flight {unknown}
 r - a potion of ambrosia {unknown}
 t - a potion of invisibility {unknown}
 u - a potion of heal wounds {unknown}
 B - a potion of berserk rage {unknown}
 D - a potion of lignification {unknown}
Comestibles
 b - 6 rations
 z - 5 chunks of flesh


   Skills:
 + Level 0.6 Fighting
 + Level 1.4 Long Blades
 - Level 1.7 Dodging
 - Level 1.7 Stealth
 + Level 3.4 Spellcasting
 * Level 3.5 Conjurations
 * Level 5.1 Fire Magic


You had 5 spell levels left.
You knew the following spells:

 Your Spells              Type           Power        Failure   Level  Hunger
a - Flame Tongue          Conj/Fire      ###..        2%          1    None
b - Conjure Flame         Conj/Fire      ###.....     8%          3    ###....
c - Throw Flame           Conj/Fire      ###...       4%          2    ##.....

Your spell library contained the following spells:

 Spells                   Type           Power        Failure   Level  Hunger
 Fireball                 Conj/Fire      ###.......   58%         5    ######.
 Sticky Flame             Conj/Fire      ###.....     26%         4    ####...
 Inner Flame              Hex/Fire       ##......     17%         3    ###....


Dungeon Overview and Level Annotations

Branches:
Dungeon (4/15)
 Temple: D:4-7

Altars:
Okawaru

Annotations:
D:3 3 runed doors, exclusions: 3 doors and 1 more exclusion, Natasha; TheNamelessOne's ghost, amateur OgMo
D:4 Blork the orc


Innate Abilities, Weirdness & Mutations

Your plain brown scales are hard. (AC +6)
You cannot fit into any form of body armour.
You are cold-blooded and may be slowed by cold attacks.


Message History

The flame tongue hits the orc priest.
The orc priest is heavily wounded.
The orc priest mumbles some strange prayers to Beogh against you.
Beogh smites you!
* * * LOW HITPOINT WARNING * * *
The orc priest calls down the wrath of Beogh upon you.
Pain shoots through your body!
* * * LOW HITPOINT WARNING * * *
The orc priest casts a cantrip, but nothing happens.
The orc priest begins to cast a cantrip, but forgets the words!
Casting: Flame Tongue (safe; 2% risk of failure)
Confirm with . or Enter, or press ? or * to list all spells.
Aiming: Flame Tongue (safe; 2% risk of failure)
Press: ? - help, Shift-Dir - straight line, f - orc, p - orc priest
Aim: an orc, wielding a whip The flame tongue hits the orc.
You kill the orc!
The orc priest invokes the aid of Beogh against you.
Beogh smites you!
You die...

..
#....#####...#.#.#
....#######..###
#....#.#.#.
........)...##
##).........
............#
#..o......##
#....#####.o##
##........... ...#
##..# #.........###
.. #.s#
##.........## .
#.)###...........#
#..@#............#
##..#..#.....###..#
#....###....# ..#
#....# #....# .#
#...## #....# ##.##
#....# ... #......
..## ##.###.# ###
### ##


You could see an orc priest and a giant cockroach.

Vanquished Creatures
  An ice beast (D:5)
  A jelly (D:5)
  A centaur skeleton (D:2)
  An iguana (D:5)
  A worker ant (D:4)
  A howler monkey skeleton (D:4)
  A gnoll (D:1)
  6 adders
  An ooze (D:3)
  3 adder skeletons
  4 dart slugs
  A leopard gecko (D:3)
  9 orcs
  2 ball pythons (D:3)
  4 giant cockroaches
  4 goblins
  5 hobgoblins
  3 jackals (D:1)
  2 quokkas (D:2)
  6 bats
  10 frilled lizards
  A jackal skeleton (D:4)
  9 kobolds
  A quokka skeleton (D:4)
  6 rats
84 creatures vanquished.

Notes
Turn   | Place    | Note
-------+----------+-------------------------------------------
     0 | D:1      | yoda5477 the Draconian Fire Elementalist began the quest for the Orb.
     0 | D:1      | Reached XP level 1. HP: 14/14 MP: 3/3
    13 | D:1      | Found an iron altar of Okawaru.
    30 | D:1      | Reached XP level 2. HP: 20/20 MP: 0/5
   663 | D:1      | Reached XP level 3. HP: 23/26 MP: 1/6
  1169 | D:2      | Reached skill level 4 in Fire Magic
  1352 | D:2      | Reached XP level 4. HP: 30/33 MP: 4/7
  1917 | D:3      | Reached skill level 1 in Long Blades
  2388 | D:3      | Found a runed gate.
  2389 | D:3      | Found a runed gate.
  2390 | D:3      | Found a runed gate.
  2394 | D:3      | Noticed TheNamelessOne's ghost (amateur OgMo)
  2434 | D:3      | Reached XP level 5. HP: 35/39 MP: 2/9
  2672 | D:3      | Noticed Natasha
  2998 | D:4      | Learned a level 3 spell: Conjure Flame
  3001 | D:4      | Learned a level 2 spell: Throw Flame
  3344 | D:4      | Noticed Blork the orc
  3659 | D:4      | Noticed an ogre
  3759 | D:4      | You fall through a shaft!
  3759 | D:5      | Entered Level 5 of the Dungeon
  3793 | D:5      | Noticed an ice beast
  3805 | D:5      | Killed an ice beast
  3805 | D:5      | Reached skill level 5 in Fire Magic
  3805 | D:5      | Reached XP level 6. HP: 36/46 MP: 0/10
  4186 | D:5      | Killed from afar by an orc priest

Vault maps used:
D:1:      lightli_molten_gateway, grunt_decor_resistance, minivault_24,
          okawaru_ov_weapons_minmay
D:2:      first_ration
D:3:      gammafunk_ghost_necromancy, hex_intersection, uniq_natasha
D:4:      kennysheep_the_goblin_king, palyth_stone_intersect, uniq_edmund,
          uniq_blork_the_orc
D:5:      lemuel_round_altar, serial_shops, shop_fountains,
          minmay_misc_feat_rows

Skill      XL: |  1  2  3  4  5 |
---------------+----------------+-----
Fire Magic     | 4 5 |  5.1
Conjurations   | 2 3 |  3.5
Long Blades    | 1 |  1.4
Spellcasting   | 3 |  3.4
Fighting       | |  0.6
Dodging        | |  1.7
Stealth        | |  1.7

Action                   |  1- 3 |  4- 6 || total
-------------------------+-------+-------++-------
Melee: Falchion          |    17 |    45 ||    62
       Tailslap          |     3 |     4 ||     7
Throw: Stone             |       |    15 ||    15
 Cast: Flame Tongue      |    41 |    83 ||   124
       Throw Flame       |       |    21 ||    21
       Conjure Flame     |       |     2 ||     2
 Stab: Sleeping          |     1 |       ||     1
  Eat: Chunk             |     1 |     8 ||     9
       Ration            |       |     1 ||     1
Armor: Skin              |    12 |    19 ||    31
Dodge: Dodged            |    21 |    51 ||    72
       Rpst.: Falchion   |     5 |    13 ||    18

Table legend:
 A = Spawn XP
 B = Non-spawn XP
 C = Spawn XP percentage of total XP
 D = Spawn monster count
 E = Non-spawn monster count
 F = Spawn count percentage of total count
 G = Total turns spent on level
                    A         B        C        D         E        F      G
               +---------+---------+-------+---------+---------+-------+---------
         Total |       0 |     535 |   0.0 |       0 |      84 |   0.0 |  4186
               +---------+---------+-------+---------+---------+-------+---------
           D:1 |       0 |      49 |   0.0 |       0 |      21 |   0.0 |  1121
           D:2 |       0 |      89 |   0.0 |       0 |      17 |   0.0 |   942
           D:3 |       0 |      86 |   0.0 |       0 |      29 |   0.0 |  1075
           D:4 |       0 |      70 |   0.0 |       0 |       7 |   0.0 |   621
           D:5 |       0 |     241 |   0.0 |       0 |      10 |   0.0 |   427
               +---------+---------+-------+---------+---------+-------+---------
